 Dungeon Crawl Stone Soup version 0.27-a0-95-g5a9077b (webtiles) character file.

Game seed: 9217377880805136407

695518 staltz the Conqueror (level 27, -10/191 HPs)
             Began as a Minotaur Berserker on Jan 4, 2021.
             Was a High Priest of Trog.
             Killed from afar by a yellow draconian knight (61 damage)
             ... with a bolt of cold
             ... on level 5 of the Realm of Zot on Jan 17, 2021.
             The game lasted 06:02:52 (75335 turns).

staltz the Conqueror (Minotaur Berserker)          Turns: 75335, Time: 06:02:53

Health: -10/191    AC: 32    Str: 49      XL:     27
Magic:  8/8        EV: 27    Int:  4 (5)  God:    Trog [*****.]
Gold:   4022       SH: 38    Dex: 19 (20) Spells: 26/26 levels left

rFire    + . .     SeeInvis .   l - +9 war axe (antimagic)
rCold    x . .     Faith    .   j - +7 tower shield of Weightlessness {Rampage rPois MP+9}
rNeg     + . .     Spirit   .   n - +4 plate armour of the Armadillo {rCorr Str+6}
rPois    +         Reflect  .   J - +2 hat {Int+3}
rElec    +         Harm     .   Z - scarf {repulsion}
rCorr    +         Rampage  +   O - +4 pair of gloves "Zibol" {rN+ Will+ Dex+5}
Will     +++++     Rnd*Rage +   z - +0 pair of boots of the Distant Future {rPois Regen+ rCorr Str+2}
Stlth    ..........             T - amulet of the Ageing Hero {rF+ rC- Regen+ Dex+3}
HPRegen  2.21/turn              y - ring "Wablir" {rElec rPois Dex+2}
MPRegen  0.11/turn              D - +6 ring of strength

@: contaminated, regenerating (expiring), glowing, repel missiles
A: retaliatory headbutt, horns 2, icy blue scales 1, berserk 1, clumsy 2,
deformed body, deterioration 2, dopey 1, frail 3, low mp 3, sense surroundings
1, screaming 1, strong 2, subdued magic 1
}: 3/15 runes: serpentine, barnacled, silver
a: Renounce Religion, Berserk, Trog's Hand, Brothers in Arms


You were on level 5 of the Realm of Zot.
You worshipped Trog.
Trog was extremely pleased with you.
You visited 9 branches of the dungeon, and saw 49 of its levels.
You visited the Abyss 1 time.
You visited 1 bazaar.
You also visited: Bailey, Gauntlet and Ice Cave.

You collected 8104 gold pieces.
You spent 4082 gold pieces at shops.

Inventory:

Hand Weapons
 l - a +9 antimagic war axe (weapon)
 K - a +9 broad axe of draining
Armour
 a - a scarf of invisibility
 j - the +7 tower shield of Weightlessness (worn) {Rampage rPois MP+9}
   (You took it off Mennas on level 5 of the Vaults)

   It protects you from poison.
   It affects your magic capacity (+9).
   It bestows one free step when moving towards enemies.
 n - the +4 plate armour of the Armadillo (worn) {rCorr Str+6}
   (You found it on level 5 of the Realm of Zot)

   It affects your strength (+6).
   It provides partial protection from all sources of acid and corrosion.
 z - the +0 pair of boots of the Distant Future (worn) {rPois Regen+ rCorr Str+2}
   (You acquired it on level 3 of the Crypt)

   It affects your strength (+2).
   It protects you from poison.
   It increases your rate of regeneration.
   It provides partial protection from all sources of acid and corrosion.
 J - a +2 hat of intelligence (worn)
 O - the +4 pair of gloves "Zibol" (worn) {rN+ Will+ Dex+5}
   (You acquired it on level 3 of the Depths)

   It affects your dexterity (+5).
   It protects you from negative energy.
   It affects your willpower, your defense against some magical effects.
 P - a scarf of resistance
 Z - a scarf of repulsion (worn)
Jewellery
 y - the ring "Wablir" (left hand) {rElec rPois Dex+2}
   (You found it in a Gauntlet)

   [ring of poison resistance]

   It affects your dexterity (+2).
   It insulates you from electricity.
   It protects you from poison.
 D - a +6 ring of strength (right hand)
 F - the amulet of Kuch {Acrobat rPois rN++}
   (You bought it in a shop on level 5 of the Vaults)

   [amulet of the acrobat]

   It helps you evade while moving and waiting.
   It protects you from poison.
   It greatly protects you from negative energy.
 T - the amulet of the Ageing Hero (around neck) {rF+ rC- Regen+ Dex+3}
   (You found it in a Gauntlet)

   [amulet of regeneration]

   It affects your dexterity (+3).
   It protects you from fire.
   It makes you vulnerable to cold.
   It increases your rate of regeneration.
Wands
 b - a wand of disintegration (41)
 i - a wand of flame (57) (quivered)
 p - a wand of acid (46)
 q - a wand of digging (5)
 u - a wand of polymorph (41)
 C - a wand of enslavement (14)
 R - a wand of iceblast (18)
Scrolls
 c - 24 scrolls of remove curse
 d - 35 scrolls of teleportation
 f - 5 scrolls of summoning
 A - 6 scrolls of fear
 B - 13 scrolls of blinking
 E - a scroll of torment
 G - 9 scrolls of immolation
 N - 9 scrolls of fog
 S - 2 scrolls of magic mapping
 X - 4 scrolls of holy word
 Y - 9 scrolls of vulnerability
Potions
 e - 16 potions of curing
 m - 6 potions of might
 o - 5 potions of cancellation
 s - 5 potions of berserk rage
 t - 5 potions of invisibility
 w - 9 potions of heal wounds
 x - 2 potions of ambrosia
 H - 5 potions of lignification
 I - 5 potions of mutation
 L - 5 potions of attraction
 M - 6 potions of haste
 W - a potion of resistance
Miscellaneous
 g - a phantom mirror
 h - a phial of floods
 r - a phantom mirror
 v - a box of beasts
 U - a tin of tremorstones (2/2)
 V - a condenser vane


   Skills:
 O Level 27 Fighting
 - Level 21.5 Axes
 - Level 25.1 Armour
 + Level 21.5 Dodging
 - Level 3.2 Stealth
 - Level 25.2 Shields
 + Level 19.0 Evocations


You had 26 spell levels left.
You didn't know any spells.
Your spell library was empty.

Dungeon Overview and Level Annotations

Branches:
Dungeon (15/15)            Temple (0/1) D:6            Lair (6/6) D:9
 Shoals (4/4) Lair:3        Snake (4/4) Lair:3        Slime (0/5) Lair:6
    Orc (2/2) D:11            Elf (0/3) Orc:2        Vaults (5/5) D:14
  Crypt (3/3) Vaults:2       Tomb (0/3) Crypt:3      Depths (5/5) D:15
    Zot (5/5) Depths:5     Bailey (visited)           IceCv (visited)
Gauntlet (visited)

Altars:
Ashenzari
Cheibriados
Elyvilon
Fedhas
Kikubaaqudgha
Makhleb
Ru
Sif Muna
Trog
Yredelemnul
The Shining One
Lugonu

Shops:
D:15 *   Orc:2 (:**   Vaults:1 (   Vaults:2 (   Vaults:3 ?   Vaults:4 ::??*
Vaults:5 =   Depths:1 !([[

Portals:
Hell: Depths:1 Depths:2 Depths:3 Depths:4 Depths:5
Abyss: Lair:3 Shoals:4 Depths:1 Depths:4 Depths:5
Pandemonium: Depths:1 Depths:3
Ziggurat: Depths:3

Annotations:
D:8 exclusion: oklob plant
D:11 2 transporters
Depths:5 4 runed translucent doors


Innate Abilities, Weirdness & Mutations

You reflexively headbutt those who attack you in melee.
You have a pair of horns on your head.
You are partially covered in icy blue scales. (AC +2)
You tend to lose your temper in combat.
You are very clumsy. (Dex -4)
Armour fits poorly on your strangely shaped body.
Your body often deteriorates upon taking damage.
You are dopey. (Int -2)
You are extremely frail. (-30% HP)
Your magical capacity is extremely low. (-30% MP)
You passively map a small area around you.
You occasionally shout uncontrollably at your foes.
Your muscles are very strong. (Str +4)
Your spells are a little easier to cast, but a little less powerful.


Message History

You hear some strange, mumbled words.
A bolt of cold appears from out of thin air!
The bolt of cold misses you.
Unknown command.
You hit something. You headbutt something. You slice the purple draconian!!
You kill the purple draconian!
Trog accepts your kill. You block something's attack.
Unknown command.
You miss something. You headbutt something.
Something hits you but does no damage.
You completely miss something. Your headbutt misses something.
You feel the effects of Trog's Hand fading.
Unknown command.
Okay, then.
You barely miss something. You headbutt something.
You hear some strange, mumbled words.
A bolt of cold appears from out of thin air!
The bolt of cold hits you!!!
You feel a terrible chill!
You die...

#...#*,..## **,**
*******#########▓ ********,****
*,,,,,,........## *,,,,,,,,,,,,
,,,,,,,.^..!^...## **,,,,,,,,,,,
,,,,............^## *,,,,,,,,,,,
,,,,..............# **,,,,,,,,,,
..................# *,,,,,,,,,,
................{.# **,,^,,,,,,,
...............)@.# *,,,,,,,,,,,
..........)....)).# **,,,,,,,,,,,
..........)....)))#**,,,,,,,,,,,,
..........^)...).##*,,,**********
........§.......##,,,,**
#.....§..^......^^.^***
▓▓....8##▓▓▓▓▓▓▓▓▓▓**
▓...p..)).......****
§^....p.).......,,,***


There were no monsters in sight!

Vanquished Creatures
  Tiamat (Zot:5)
  6 orbs of fire
  5 ancient liches
  2 juggernauts (Depths:5)
  Sojobo (Depths:2)
  Mennas (Vaults:5)
  A Killer Klown (Zot:5)
  Vashnia (Snake:2)
  A curse toe (Zot:4)
  3 caustic shrikes
  19 golden dragons
  Jory (Vaults:4)
  2 bone dragons (Abyss:2)
  3 electric golems
  19 tentacled monstrosities
  Jorgrun (D:15)
  6 liches
  Asterion (Depths:3)
  23 Orb Guardians (Zot:5)
  Polyphemus (Shoals:2)
  5 quicksilver dragons
  6 titans
  Frances (Shoals:1)
  11 death cobs
  2 ancient champions
  A storm dragon (shapeshifter) (Depths:5)
  5 sphinxes
  9 shadow dragons
  7 nagarajas
  8 draconian monks
  Ilsuiw (Shoals:4)
  6 tengu reavers
  13 storm dragons
  Donald (Vaults:2)
  An azure jelly (shapeshifter) (Depths:4)
  4 revenants
  9 fire giants
  6 draconian scorchers
  4 iron dragons
  11 draconian knights
  3 deep elf sorcerers
  4 ghost moths
  11 frost giants
  18 vault wardens
  An orc warlord (Orc:1)
  8 draconian shifters
  9 ghouls
  3 deep elf elementalists (Vaults:5)
  3 curse skulls (Crypt:2)
  A reaper (Depths:5)
  A caustic shrike zombie (Depths:2)
  15 ironheart preservers
  12 draconian annihilators
  2 caustic shrike skeletons (Depths:4)
  2 draconian stormcallers
  22 stone giants
  3 war gargoyles (Vaults:5)
  14 very ugly things
  Nessos (D:14)
  31 black draconians
  The ghost of Omanopn the Cleaver, a journeyman HOFi of Beogh (Lair:5)
  12 green draconians
  6 vampire knights
  18 yellow draconians
  4 spark wasps
  2 deep elf annihilators
  16 purple draconians
  20 white draconians
  Azrael (D:12)
  2 dire elephants
  A minotaur (Gauntlet)
  29 red draconians
  17 ettins
  4 entropy weavers
  14 eidola
  7 merfolk javelineers
  2 green deaths
  A blizzard demon (IceCv)
  4 deep elf death magi
  8 ogre magi
  3 jiangshi
  10 merfolk impalers
  3 spectral quicksilver dragons (Crypt:3)
  Snorg (Lair:5)
  5 deep elf high priests
  14 ice dragons
  17 yaktaur captains
  12 fire dragons
  9 great orbs of eyes
  Fannar (Lair:1)
  A spectral shadow dragon (Crypt:3)
  An alligator snapping turtle (Shoals:3)
  Erica (Lair:2)
  30 vault guards
  9 naga warriors
  The ghost of arb the Thaumaturge, a journeyman GnWr of Cheibriados (Orc:1)
  7 hydras
  3 catoblepae
  3 merfolk avatars
  5 rakshasas
  5 boulder beetles
  16 anacondas
  14 centaur warriors
  2 spectral frost giants (Crypt:3)
  8 spriggan air magi
  A dancing weapon (Zot:1)
  5 death knights
  5 merfolk aquamancers
  A satyr (Shoals:4)
  A spectral fire giant (Crypt:3)
  2 spectral stone giants (Crypt:3)
  8 death yaks
  14 deep troll earth magi
  25 two-headed ogres
  3 tengu warriors
  3 orc high priests (Orc:2)
  8 shock serpents
  A queen ant (shapeshifter) (Depths:1)
  2 thrashing horrors (Abyss:2)
  A titan zombie (Depths:2)
  6 spectral storm dragons (Crypt:3)
  2 spectral dire elephants (Crypt:3)
  8 deep troll shamans
  8 vampire magi
  6 spriggan berserkers
  17 naga sharpshooters
  12 hell knights
  A titan skeleton (Vaults:5)
  2 salamander mystics (Snake:4)
  2 soul eaters
  2 wretched stars (Abyss:2)
  A storm dragon zombie (Crypt:1)
  8 skeletal warriors
  A golden dragon zombie (Crypt:3)
  2 sixfirhies
  5 deep elf knights
  A spark wasp zombie (Depths:4)
  A quicksilver dragon simulacrum (Crypt:3)
  4 shadow wraiths
  An iron troll (D:14)
  15 sea snakes
  11 unseen horrors
  A goliath frog (Depths:5)
  An unseen horror (shapeshifter) (D:14)
  2 deep trolls (shapeshifter)
  A glowing orange brain (shapeshifter) (Depths:4)
  A spectral iron dragon (Crypt:3)
  8 wizards
  28 deep trolls
  2 bog bodies
  5 glowing orange brains
  2 death drakes (shapeshifter) (Vaults:5)
  11 flayed ghosts
  An orange crystal statue (Snake:1)
  2 deep elf archers
  10 naga ritualists
  16 necromancers
  16 ironbrand convokers
  A spectral hydra (Crypt:3)
  25 harpies
  12 mana vipers
  Pikel (D:7)
  20 phantasmal warriors
  15 orc knights
  An anaconda skeleton (Crypt:1)
  9 deep elf magi
  43 ugly things
  A spectral alligator (Crypt:3)
  5 wolf spiders
  6 large abominations
  4 orc sorcerers
  The ghost of Remcycle the Spear-Bearer, a novice MfGl (D:6)
  11 cyclopes
  13 moths of wrath
  A cyclops (shapeshifter) (Depths:4)
  3 stone giant zombies
  A salamander (shapeshifter) (Depths:4)
  10 fauns
  A shadow dragon skeleton (Crypt:1)
  An iron dragon skeleton (Crypt:1)
  19 manticores
  44 black mambas
  A human skeleton (Vaults:5)
  2 spectral ice dragons (Crypt:3)
  A spectral fire dragon (Crypt:3)
  3 ice statues
  11 salamanders
  A fire giant skeleton (Crypt:1)
  14 elephants
  7 merfolk sirens
  A guardian serpent (shapeshifter) (Depths:3)
  An elephant (shapeshifter) (Vaults:5)
  9 vault sentinels
  A water nymph (shapeshifter) (Vaults:5)
  8 guardian serpents
  12 naga magi
  8 water nymphs
  A centaur skeleton (D:11)
  A torpor snail (Lair:2)
  A gargoyle (D:14)
  6 cane toads
  A yaktaur zombie (Vaults:5)
  2 orange demons (Gauntlet)
  A cane toad (shapeshifter) (Depths:4)
  Maggie (D:8)
  41 yaktaurs
  A sea snake zombie (Crypt:2)
  7 komodo dragons
  4 rime drakes
  A rime drake (shapeshifter) (Vaults:2)
  14 freezing wraiths
  A shock serpent skeleton (Crypt:1)
  2 minotaur zombies (Gauntlet)
  A tormentor (Depths:1)
  A yellow draconian zombie (Crypt:2)
  2 demonic crawlers
  3 kobold demonologists
  An iron troll zombie (Crypt:1)
  4 efreet
  4 guardian mummies (Crypt:3)
  13 ice devils (IceCv)
  3 tengu conjurers
  A green draconian skeleton (Crypt:3)
  A queen bee (shapeshifter) (Vaults:5)
  2 red devils
  A jumping spider (shapeshifter) (Depths:2)
  A yaktaur skeleton (Vaults:5)
  6 trolls
  3 polar bears (Lair:6)
  30 merfolk
  A hellwing (Depths:1)
  A jumping spider (Gauntlet)
  A meliai (shapeshifter) (Depths:3)
  9 hornets
  A merfolk (shapeshifter) (Depths:3)
  7 wind drakes
  4 dream sheep (Shoals:4)
  2 raiju (Zot:1)
  14 blink frogs
  16 slime creatures
  2 ettin zombies
  2 raiju (shapeshifter)
  5 snapping turtles
  A wind drake (shapeshifter) (Depths:4)
  A meliai zombie (D:14)
  2 frost giant simulacra
  A spriggan skeleton (Depths:2)
  A fire giant simulacrum (Abyss:2)
  9 flying skulls (Crypt:2)
  2 shadows (D:11)
  A ynoxinul (Abyss:2)
  A redback (Gauntlet)
  3 spriggans
  10 wraiths
  53 yaks
  5 wyverns
  11 water elementals
  A hog (shapeshifter) (Depths:5)
  3 ettin skeletons
  8 small abominations
  21 fire elementals
  4 humans (shapeshifter)
  A fire bat (D:8)
  A basilisk (shapeshifter) (D:14)
  3 basilisks
  3 vampire mosquitoes (Depths:5)
  3 chaos spawn
  Grum (D:8)
  A catoblepas simulacrum (Crypt:3)
  4 wargs
  An acid dragon (Vaults:1)
  51 nagas
  A spectral snapping turtle (Crypt:3)
  A cane toad zombie (Crypt:2)
  A floating eye (Depths:3)
  3 hell hounds (D:12)
  2 soldier ants (shapeshifter)
  Duvessa (D:7)
  15 water moccasins
  A spectral troll (Crypt:3)
  A two-headed ogre skeleton (Crypt:1)
  A black bear (shapeshifter) (Vaults:1)
  An ettin simulacrum (Vaults:5)
  2 ice beasts
  4 sky beasts
  5 necrophages
  An ice dragon simulacrum (Crypt:3)
  42 orc warriors
  A black bear (D:10)
  A hornet zombie (D:14)
  18 ogres
  6 boggarts
  4 phantoms
  31 wolves
  25 centaurs
  2 lemures (D:7)
  A salamander zombie (Crypt:2)
  7 big kobolds
  17 bullfrogs
  A spectral human (Crypt:3)
  A cyclops zombie (Crypt:2)
  A komodo dragon skeleton (Crypt:3)
  3 elf skeletons
  3 troll zombies (D:11)
  Dowan (D:7)
  A water moccasin skeleton (D:8)
  7 scorpions
  A spectral ogre (Crypt:3)
  A human simulacrum (Vaults:2)
  8 killer bees
  12 wights
  5 electric eels
  2 yak skeletons (Crypt:3)
  2 howler monkeys
  A crimson imp (D:8)
  A bullfrog zombie (D:12)
  4 centaur zombies
  A quasit (D:10)
  11 hounds
  19 jellies
  33 orc priests
  3 bullfrog skeletons
  A demonspawn zombie (Crypt:3)
  Terence (D:2)
  5 lightning spires (Zot:1)
  28 orc wizards
  6 iguanas
  A hell rat (Depths:5)
  2 polar bear simulacra (Lair:5)
  2 worker ants (D:5)
  3 yak simulacra (Lair:5)
  2 wolf simulacra (Lair:5)
  3 ogre zombies (D:11)
  A tengu zombie (Crypt:2)
  A deep dwarf zombie (Crypt:2)
  A naga skeleton (Crypt:1)
  2 hound skeletons (D:4)
  A worker ant zombie (D:5)
  2 howler monkey skeletons
  28 adders
  13 gnolls (Bailey)
  3 shadow imps
  10 white imps
  7 ufetubi (IceCv)
  3 oozes
  A worm zombie (Crypt:3)
  An adder skeleton (Crypt:1)
  3 worms
  A barachi skeleton (Crypt:1)
  3 dart slugs
  4 leopard geckos
  99 orcs
  8 bats
  4 giant cockroaches
  6 goblins
  17 hobgoblins
  13 jackals
  45 kobolds
  A quokka (D:4)
  2 ball pythons
  4 frilled lizards
  2 goblin skeletons (D:11)
  3 goblin zombies (D:11)
  A hobgoblin skeleton (D:11)
  2 hobgoblin zombies (D:11)
  A jackal zombie (D:5)
  2 orc skeletons
  11 orc zombies
  6 rats
  4 river rat simulacra (Lair:5)
  A spectral kobold (Crypt:3)
  A crawling corpse (Vaults:5)
  A fungus (Lair:6)
  A lurking horror (Shoals:4)
2479 creatures vanquished.

Vanquished Creatures (collateral kills)
  2 ancient liches (Zot:5)
  An orb of fire (Zot:5)
  Mara (Shoals:4)
  3 Killer Klowns (Zot:5)
  A golden dragon (Zot:5)
  An electric golem (Zot:5)
  3 tentacled monstrosities
  2 liches (Crypt:2)
  2 Orb Guardians (Zot:5)
  A draconian scorcher (Zot:5)
  A frost giant (Shoals:4)
  3 very ugly things (Depths:4)
  A stone giant (Depths:2)
  A green draconian (Zot:5)
  2 red draconians (Zot:5)
  A yellow draconian (Zot:5)
  A white draconian (Zot:5)
  2 purple draconians (Zot:5)
  A merfolk javelineer (Shoals:4)
  The ghost of MrDizzy the Cleaver, a journeyman DDFi of Makhleb (Lair:3)
  A hydra (Lair:1)
  A rakshasa (Depths:3)
  2 anacondas (Snake:4)
  5 death yaks (Lair:4)
  A tengu warrior (Depths:2)
  2 orc high priests (Orc:2)
  A naga sharpshooter (Snake:4)
  2 naga ritualists (Snake:4)
  A wizard (D:14)
  2 orc knights (Orc:2)
  2 harpies (Shoals:1)
  A cane toad (Lair:4)
  3 guardian serpents (Snake:4)
  A merfolk (Shoals:4)
  A hornet (Lair:3)
  A snapping turtle (Shoals:1)
  A raiju (Lair:3)
  A spriggan (Lair:3)
  A spriggan (shapeshifter) (Depths:4)
  3 yaks (Lair:1)
  2 nagas (Snake:4)
  3 orc warriors (Orc:2)
  A bullfrog (Lair:4)
  3 electric eels (D:9)
  8 orc priests (Orc:2)
  3 orcs (Orc:2)
84 creatures vanquished.

Vanquished Creatures (others)
  Bai Suzhen (Shoals:4)
  A Killer Klown (Zot:5)
  A fire giant (Depths:2)
  A draconian scorcher (Zot:1)
  A spark wasp (Zot:1)
  A merfolk impaler (Shoals:4)
  A vault guard (Vaults:5)
  A two-headed ogre (Vaults:4)
  An anaconda (Snake:4)
  An unseen horror (D:13)
  A phantasmal warrior (Vaults:5)
  2 ugly things
  A moth of wrath (Zot:1)
  A guardian serpent (Snake:4)
  3 yaktaurs
  A raiju (Zot:1)
  3 centaurs
  A white imp (IceCv)
  4 ufetubi (IceCv)
  An orc (Vaults:3)
  5 ball lightnings (Zot:1)
  28 demonic plants (Gauntlet)
  46 fungi
  2 lurking horrors
  135 plants
  27 withered plants
271 creatures vanquished.

Grand Total: 2834 creatures vanquished

Notes
Turn   | Place    | Note
-------+----------+-------------------------------------------
     0 | D:1      | staltz the Minotaur Berserker began the quest for the Orb.
     0 | D:1      | Reached XP level 1. HP: 19/19 MP: 0/0
   257 | D:1      | Reached XP level 2. HP: 27/27 MP: 1/1
   366 | D:1      | Reached skill level 4 in Fighting
   528 | D:1      | Reached ** piety under Trog
   794 | D:2      | Noticed Terence
   807 | D:2      | Killed Terence
   808 | D:2      | Reached XP level 3. HP: 34/34 MP: 2/2
   986 | D:2      | Found a broken altar of Ashenzari.
  1087 | D:2      | Reached XP level 4. HP: 21/41 MP: 3/3
  2132 | D:3      | Found a faded altar of an unknown god.
  2371 | D:4      | Reached skill level 5 in Axes
  2456 | D:4      | Reached XP level 5. HP: 47/47 MP: 4/4
  2630 | D:4      | Reached skill level 1 in Stealth
  3117 | D:4      | Reached XP level 6. HP: 48/55 MP: 5/5
  3392 | D:5      | Entered Level 5 of the Dungeon
  3424 | D:5      | Reached skill level 5 in Fighting
  3822 | D:5      | Noticed a sky beast
  3885 | D:5      | Reached skill level 5 in Armour
  3957 | D:5      | Reached *** piety under Trog
  3963 | D:5      | Reached XP level 7. HP: 61/61 MP: 6/6
  4153 | D:5      | Found an ancient bone altar of Kikubaaqudgha.
  4824 | D:6      | Found a snail-covered altar of Cheibriados.
  4951 | D:6      | You fall into a shaft and drop 2 floors!
  4979 | D:8      | Found a blossoming altar of Fedhas.
  5019 | D:8      | Noticed an oklob plant
  5106 | D:8      | Reached XP level 8. HP: 63/70 MP: 7/7
  5222 | D:8      | Reached skill level 6 in Fighting
  6036 | D:7      | Reached skill level 1 in Evocations
  6036 | D:7      | Reached XP level 9. HP: 78/78 MP: 8/8
  6149 | D:7      | Noticed Dowan
  6158 | D:7      | Found a glowing golden altar of the Shining One.
  6167 | D:7      | Killed Dowan
  6190 | D:7      | Noticed Duvessa
  6193 | D:7      | Killed Duvessa
  6373 | D:6      | Found a bloodstained altar of Trog.
  6425 | D:6      | Reached skill level 7 in Fighting
  6647 | D:6      | Found a runed translucent gate.
  6647 | D:6      | Found a runed translucent gate.
  6647 | D:6      | Noticed Remcycle's ghost (novice MfGl)
  6648 | D:6      | Found a runed translucent gate.
  6668 | D:6      | Found a staircase to the Ecumenical Temple.
  6773 | D:7      | Reached skill level 10 in Axes
  6773 | D:7      | Reached **** piety under Trog
  6832 | D:7      | Noticed Pikel
  6856 | D:7      | Killed Pikel
  7395 | D:7      | Found a burning altar of Makhleb.
  7397 | D:7      | Found a glowing golden altar of the Shining One.
  7397 | D:7      | Found a white marble altar of Elyvilon.
  7563 | D:8      | Noticed Maggie
  7576 | D:8      | Killed Maggie
  7775 | D:8      | Noticed Psyche
  7776 | D:8      | Noticed Psyche
  7776 | D:8      | Psyche changed into Psyche the fire bat
  7780 | D:8      | Killed Psyche the fire bat
  8067 | D:8      | Noticed Grum
  8075 | D:8      | Killed Grum
  8076 | D:8      | Reached skill level 8 in Fighting
  8076 | D:8      | Reached XP level 10. HP: 77/88 MP: 9/9
  9225 | D:9      | Found a transporter.
  9510 | D:9      | Found a staircase to the Lair.
  9539 | D:9      | Found a shimmering blue altar of Sif Muna.
  9633 | D:9      | Found a transporter.
  9702 | D:9      | Found a sacrificial altar of Ru.
 10001 | D:6      | Killed Remcycle's ghost
 10390 | D:10     | Entered Level 10 of the Dungeon
 10971 | D:10     | Noticed an unseen horror
 10987 | D:10     | Killed an unseen horror
 10988 | D:10     | Reached skill level 9 in Fighting
 10988 | D:10     | Reached XP level 11. HP: 88/97 MP: 10/10
 11336 | D:11     | Noticed an unseen horror
 11340 | D:11     | Killed an unseen horror
 11341 | D:11     | Reached skill level 10 in Armour
 11457 | D:11     | Noticed a red ugly thing
 11465 | D:11     | Killed a red ugly thing
 11570 | D:11     | Noticed a brown ugly thing
 11577 | D:11     | Killed a brown ugly thing
 11634 | D:11     | Reached ***** piety under Trog
 11635 | D:11     | Found a staircase to the Orcish Mines.
 11651 | D:11     | Reached skill level 15 in Axes
 11674 | D:11     | Noticed a white ugly thing
 11682 | D:11     | Killed a white ugly thing
 11746 | D:11     | Found a transporter.
 11753 | D:11     | Noticed an orc sorcerer
 11762 | D:11     | Found a transporter.
 11771 | D:11     | Noticed a fire crab
 12147 | D:11     | Reached skill level 10 in Fighting
 12199 | D:11     | Noticed a four-headed hydra
 12208 | D:11     | Killed a seven-headed hydra
 12459 | Lair:1   | Entered Level 1 of the Lair of Beasts
 12528 | Lair:1   | Received a gift from Trog
 12565 | Lair:1   | Noticed a five-headed hydra
 12566 | Lair:1   | Noticed Fannar
 12611 | Lair:1   | Killed a five-headed hydra
 12643 | Lair:1   | Reached XP level 12. HP: 107/107 MP: 11/11
 12769 | Lair:1   | Found a gate leading to a gauntlet.
 12788 | Lair:1   | Killed Fannar
 12820 | Gauntlet | Entered a Gauntlet
 12820 | Gauntlet | Found a transporter.
 12820 | Gauntlet | Found a transporter.
 12820 | Gauntlet | Noticed a green death
 12862 | Gauntlet | Found a transporter.
 12865 | Gauntlet | Found a transporter.
 12867 | Gauntlet | Found a large runed translucent door.
 12868 | Gauntlet | Found a large runed translucent door.
 12869 | Gauntlet | Found a large runed translucent door.
 12869 | Gauntlet | Found a large runed translucent door.
 12869 | Gauntlet | Found a runed translucent door.
 12869 | Gauntlet | Found a runed translucent door.
 12870 | Gauntlet | Found a large runed translucent door.
 12870 | Gauntlet | Found a large runed translucent door.
 12870 | Gauntlet | Found a large runed translucent door.
 12870 | Gauntlet | Found a large runed translucent door.
 12871 | Gauntlet | Found a large runed translucent door.
 12872 | Gauntlet | Found a large runed translucent door.
 12880 | Gauntlet | Found a transporter.
 12888 | Gauntlet | Found a transporter.
 12894 | Gauntlet | Found a transporter.
 12896 | Gauntlet | Found a transporter.
 12904 | Gauntlet | Found a large runed translucent door.
 12905 | Gauntlet | Found a large runed translucent door.
 12906 | Gauntlet | Found a large runed translucent door.
 12907 | Gauntlet | Found a runed translucent gate.
 12908 | Gauntlet | Noticed an entropy weaver
 12913 | Gauntlet | Found a runed translucent gate.
 12913 | Gauntlet | Found a transporter.
 12913 | Gauntlet | Found a transporter.
 12914 | Gauntlet | Found a runed translucent gate.
 12918 | Gauntlet | Found a large runed translucent door.
 12919 | Gauntlet | Found a large runed translucent door.
 12920 | Gauntlet | Found a large runed translucent door.
 12986 | Gauntlet | Found a transporter.
 13014 | Gauntlet | Found a transporter.
 13104 | Gauntlet | Killed a green death
 13188 | Gauntlet | Killed an entropy weaver
 13265 | Gauntlet | Got an ancient brass ring
 13273 | Gauntlet | Identified the ring "Wablir" {rElec rPois Dex+2} (You found
                  | it in a Gauntlet)
 13304 | Gauntlet | Noticed a minotaur
 13317 | Gauntlet | Killed a minotaur
 13318 | Gauntlet | Reached skill level 11 in Fighting
 13394 | Gauntlet | Got a slimy ruby amulet
 14332 | Lair:2   | Noticed a five-headed hydra
 14338 | Lair:2   | Killed a six-headed hydra
 14490 | Lair:2   | Noticed a four-headed hydra
 14648 | Lair:2   | Killed a seven-headed hydra
 14892 | Lair:2   | Reached XP level 13. HP: 114/117 MP: 12/12
 14925 | Lair:2   | Reached skill level 12 in Fighting
 14986 | Lair:2   | Noticed Erica
 14994 | Lair:2   | Killed Erica
 15335 | Lair:3   | Found a staircase to the Snake Pit.
 15384 | Lair:3   | Identified the amulet of the Ageing Hero {rF+ rC- Regen+
                  | Dex+3} (You found it in a Gauntlet)
 15440 | Lair:3   | Found a transporter.
 15615 | Lair:3   | Found a staircase to the Shoals.
 15801 | Lair:3   | Noticed MrDizzy's ghost (journeyman DDFi)
 15812 | Lair:3   | Found a transporter.
 15816 | Lair:3   | Found a one-way gate to the infinite horrors of the Abyss.
 15817 | Lair:3   | Identified the cursed +1 trident of a ziggurat {distort,
                  | rC+ Str+7 Int-4 Stlth+}
 16545 | Lair:4   | Received a gift from Trog
 16918 | Lair:5   | Found a runed translucent door.
 16918 | Lair:5   | Noticed Omanopn's ghost (journeyman HOFi)
 16919 | Lair:5   | Found the +11 plutonium sword {*Contam Stlth-}
 16923 | Lair:5   | Noticed Snorg
 16933 | Lair:5   | Killed Snorg
 17084 | Lair:5   | Reached skill level 13 in Fighting
 17645 | Lair:6   | Entered Level 6 of the Lair of Beasts
 17819 | Lair:6   | Reached XP level 14. HP: 128/129 MP: 13/13
 17853 | Lair:6   | Received a gift from Trog
 18665 | Lair:6   | Reached skill level 14 in Fighting
 18815 | Lair:6   | Found a staircase to the Slime Pits.
 19341 | D:12     | Paralysed by a hornet for 2 turns
 19350 | D:12     | Found a flagged portal.
 19360 | Bailey   | Entered a bailey
 20098 | D:12     | Received a gift from Trog
 20184 | D:12     | Reached ****** piety under Trog
 20563 | D:12     | Noticed Azrael
 20574 | D:12     | Killed Azrael
 20974 | D:13     | Reached skill level 15 in Fighting
 21577 | D:14     | Noticed Nessos
 21591 | D:14     | Killed Nessos
 21746 | D:14     | Found a white marble altar of Elyvilon.
 21753 | D:14     | Reached XP level 15. HP: 129/141 MP: 14/14
 22295 | D:14     | Received a gift from Trog
 22665 | D:14     | Found a gate to the Vaults.
 22959 | Orc:1    | Entered Level 1 of the Orcish Mines
 23037 | Orc:1    | You fall into a shaft and drop 1 floor!
 23037 | Orc:2    | Entered Level 2 of the Orcish Mines
 23117 | Orc:1    | Reached skill level 1 in Shields
 23222 | Orc:1    | Noticed an orc warlord
 23226 | Orc:1    | Found a bloodstained altar of Trog.
 23234 | Orc:1    | Identified the +2 morningstar "Beetle's Curse" {antimagic,
                  | rF+ rN+ MP+9}
 23235 | Orc:1    | Noticed arb's ghost (journeyman GnWr)
 23264 | Orc:1    | Killed an orc warlord
 23264 | Orc:1    | Received a gift from Trog
 23565 | Orc:1    | Found a transporter.
 23586 | Orc:1    | Found a transporter.
 23737 | Orc:1    | Reached skill level 16 in Fighting
 23762 | Orc:1    | Killed arb's ghost
 24070 | Orc:2    | Found a staircase to the Elven Halls.
 24493 | Orc:2    | Reached skill level 5 in Dodging
 24642 | Orc:2    | Reached skill level 5 in Evocations
 25106 | Orc:2    | Found Lapabaqa's Antique Weapon Shop.
 25106 | Orc:2    | Found Cyomet's Assorted Antiques.
 25107 | Orc:2    | Found Cebreap's Book Shop.
 25107 | Orc:2    | Found Hewuz's General Store.
 25132 | Orc:2    | Bought a scroll of fear for 84 gold pieces
 25132 | Orc:2    | Bought a scroll of fear for 84 gold pieces
 25159 | Orc:2    | Bought a scroll of immolation for 56 gold pieces
 25159 | Orc:2    | Bought a potion of cancellation for 128 gold pieces
 25417 | Lair:3   | Cast into level 2 of the Abyss (spriggan rider)
 25563 | Abyss:2  | Noticed a lich
 25581 | Abyss:2  | Killed a lich
 25582 | Abyss:2  | Reached skill level 17 in Fighting
 25645 | Abyss:2  | Received a gift from Trog
 25765 | Abyss:2  | Noticed a bone dragon
 25784 | Abyss:2  | Killed a bone dragon
 25815 | Abyss:2  | Lost intelligence.
 25816 | Abyss:2  | HP: 7/147 [rock wall collision (15)]
 25817 | Abyss:2  | Noticed a bone dragon
 25826 | Abyss:2  | Killed a bone dragon
 25834 | Lair:3   | Escaped the Abyss
 25839 | Lair:3   | Killed MrDizzy's ghost
 26067 | Snake:1  | Entered Level 1 of the Snake Pit
 26221 | Snake:1  | Reached XP level 16. HP: 157/157 MP: 13/13
 26405 | Snake:1  | Found a transporter.
 26420 | Snake:1  | Found the +0 pair of fencer's gloves {Riposte Dex+3}
 26421 | Snake:1  | Found a transporter.
 26664 | Snake:1  | Upgraded the game from 0.27-a0-34-gc18c909 to
                  | 0.27-a0-40-g5f2be0e
 27133 | Snake:1  | Upgraded the game from 0.27-a0-40-g5f2be0e to
                  | 0.27-a0-41-gbdec46a
 27238 | Snake:2  | Noticed Vashnia
 27978 | Snake:2  | Killed Vashnia
 29076 | Snake:3  | Received a gift from Trog
 29266 | Snake:3  | Reached skill level 10 in Evocations
 29556 | Snake:3  | Got a scorched mace
 29558 | Snake:3  | Lost intelligence.
 29558 | Snake:3  | Identified the +9 mace "Tafumpa" {protect, rF- rC+++ Int-5
                  | Stlth+} (You found it on level 3 of the Snake Pit)
 29954 | Snake:4  | Entered Level 4 of the Snake Pit
 30502 | Shoals:1 | Entered Level 1 of the Shoals
 30523 | Shoals:1 | Reached XP level 17. HP: 122/163 MP: 16/16
 30751 | Shoals:1 | Reached skill level 10 in Dodging
 30960 | Shoals:1 | Got a creamy pearl robe
 30972 | Shoals:1 | Identified the +2 robe of the Armoured One {-Tele Int+4
                  | Dex+5} (You found it on level 1 of the Shoals)
 31617 | Shoals:1 | Noticed Frances
 31630 | Shoals:1 | Killed Frances
 32908 | Shoals:2 | Noticed Polyphemus
 33597 | Shoals:2 | Got a crude glass ring
 33683 | Shoals:2 | Identified a scroll of acquirement
 33683 | Shoals:2 | Acquired a +1 hat of intelligence
 33697 | Shoals:2 | Got a sapphire flail
 33699 | Shoals:2 | Identified the +0 flail "Heehetuzxi" {freeze, rF+} (You
                  | found it on level 2 of the Shoals)
 33748 | Shoals:2 | Upgraded the game from 0.27-a0-41-gbdec46a to
                  | 0.27-a0-46-g34d46f0
 33860 | Shoals:2 | Killed Polyphemus
 34650 | Shoals:3 | Identified the ring of Dekinit {+Fly Will- Str+6 Dex+2}
                  | (You found it on level 2 of the Shoals)
 35414 | D:15     | Entered Level 15 of the Dungeon
 35414 | D:15     | Found Tiny's Assorted Antiques.
 35784 | D:15     | Noticed Jorgrun
 35791 | D:15     | Killed Jorgrun
 36189 | D:15     | Found a staircase to the Depths.
 36564 | Lair:5   | Killed Omanopn's ghost
 36834 | Snake:1  | Got a slimy lapis lazuli ring
 36837 | Snake:1  | Identified the ring "Fejogg" {rElec rC+} (You found it on
                  | level 1 of the Snake Pit)
 37316 | Snake:4  | Reached XP level 18. HP: 171/171 MP: 17/17
 38057 | Snake:4  | Received a gift from Trog
 39045 | Snake:4  | Got a serpentine rune of Zot
 39396 | Vaults:1 | Entered Level 1 of the Vaults
 40584 | Vaults:1 | Reached skill level 15 in Evocations
 40589 | Vaults:1 | Received a gift from Trog
 41246 | Vaults:1 | Got an ichor-stained scale mail
 41257 | Vaults:1 | Identified the +1 scale mail "Oqiurph" {Will++ Str+2} (You
                  | found it on level 1 of the Vaults)
 41345 | Vaults:1 | Found Xaorur's Weapon Shop.
 41558 | Vaults:1 | Reached XP level 19. HP: 179/179 MP: 18/18
 42146 | Vaults:1 | Reached skill level 18 in Fighting
 42483 | Vaults:2 | Reached skill level 5 in Shields
 42973 | Vaults:2 | Noticed Donald
 42978 | Vaults:2 | Killed Donald
 43310 | Vaults:2 | Found Mizaph Tuur's Weapon Boutique.
 43700 | Vaults:2 | Found a staircase to the Crypt.
 43700 | Vaults:2 | Found an ancient bone altar of Kikubaaqudgha.
 43701 | Vaults:2 | Found a basalt altar of Yredelemnul.
 44050 | Vaults:3 | Found Lepsukooh's Magic Scroll Emporium.
 44058 | Vaults:3 | Bought a scroll of acquirement for 572 gold pieces
 44058 | Vaults:3 | Bought a scroll of summoning for 104 gold pieces
 44058 | Vaults:3 | Bought a scroll of blinking for 82 gold pieces
 44058 | Vaults:3 | Bought a scroll of immolation for 38 gold pieces
 44065 | Vaults:3 | Acquired 858 gold pieces
 44179 | Vaults:3 | Received a gift from Trog
 44685 | Vaults:3 | Reached skill level 19 in Fighting
 45397 | Vaults:4 | Reached skill level 15 in Armour
 46047 | Vaults:4 | Reached XP level 20. HP: 191/191 MP: 19/19
 46196 | Vaults:4 | Found Xyebujiy's Magic Scroll Shop.
 46215 | Vaults:4 | Bought a scroll of teleportation for 51 gold pieces
 46215 | Vaults:4 | Bought a scroll of holy word for 127 gold pieces
 46215 | Vaults:4 | Bought a scroll of blinking for 127 gold pieces
 46215 | Vaults:4 | Bought a scroll of teleportation for 51 gold pieces
 46228 | Vaults:4 | Found Bawo's Assorted Antiques.
 46228 | Vaults:4 | Noticed Jory
 46239 | Vaults:4 | Killed Jory
 46274 | Vaults:4 | Bought a scroll of immolation for 77 gold pieces
 46274 | Vaults:4 | Bought a scroll of enchant weapon for 165 gold pieces
 46773 | Vaults:4 | Found Oneewaig's Magic Scroll Emporium.
 46781 | Vaults:4 | Bought a scroll of summoning for 180 gold pieces
 46781 | Vaults:4 | Bought a scroll of blinking for 142 gold pieces
 46781 | Vaults:4 | Bought a scroll of teleportation for 57 gold pieces
 46781 | Vaults:4 | Bought a scroll of teleportation for 57 gold pieces
 46781 | Vaults:4 | Bought a scroll of fear for 66 gold pieces
 46781 | Vaults:4 | Bought a scroll of fog for 38 gold pieces
 46781 | Vaults:4 | Bought a scroll of fear for 66 gold pieces
 46876 | Vaults:4 | Received a gift from Trog
 46972 | Vaults:4 | Bought a scroll of identify for 34 gold pieces
 47158 | Vaults:4 | Reached skill level 20 in Fighting
 47172 | Vaults:4 | Reached skill level 10 in Shields
 47215 | Vaults:4 | Found Eqeapsoe's Book Shop.
 47216 | Vaults:4 | Found Xynoriyl's Book Boutique.
 47610 | Shoals:4 | Entered Level 4 of the Shoals
 47656 | Shoals:4 | Noticed Bai Suzhen
 47668 | Shoals:4 | Noticed Ilsuiw
 47669 | Shoals:4 | Killed Bai Suzhen
 47702 | Shoals:4 | Killed Ilsuiw
 47934 | Shoals:4 | Received a gift from Trog
 48094 | Shoals:4 | Found a frozen archway.
 48104 | IceCv    | Entered an ice cave
 49236 | Shoals:4 | Noticed Mara
 49256 | Shoals:4 | Killed Mara
 49281 | Shoals:4 | Identified the Catalogue of the Blaze and the Escort
 49299 | Shoals:4 | Found a corrupted altar of Lugonu.
 49892 | Shoals:4 | Got a barnacled rune of Zot
 50435 | Crypt:1  | Entered Level 1 of the Crypt
 50456 | Crypt:1  | Received a gift from Trog
 50465 | Crypt:1  | Reached skill level 21 in Fighting
 50848 | Crypt:1  | Reached XP level 21. HP: 202/204 MP: 20/20
 51812 | Crypt:2  | Upgraded the game from 0.27-a0-46-g34d46f0 to
                  | 0.27-a0-74-gebd156f
 52402 | Crypt:2  | Upgraded the game from 0.27-a0-74-gebd156f to
                  | 0.27-a0-75-g9f9dfd1
 52822 | Crypt:2  | Got a bloodstained great mace
 52830 | Crypt:2  | Identified the +6 great mace of Vymmif {drain, Int+3} (You
                  | found it on level 2 of the Crypt)
 52835 | Crypt:2  | Got a faintly glowing pewter ring
 52838 | Crypt:2  | Identified the ring "Qeqaa" {rN+ Str+4 Int+4} (You found it
                  | on level 2 of the Crypt)
 52843 | Crypt:2  | Got a clouded iron ring
 52846 | Crypt:2  | Identified the ring of Geygolo {Fire rPois Int+4 Dex+4}
                  | (You found it on level 2 of the Crypt)
 52856 | Crypt:2  | Identified the Papyrus of Orientation and Venom
 53288 | Crypt:3  | Entered Level 3 of the Crypt
 53315 | Crypt:3  | Found a staircase to the Tomb.
 53331 | Crypt:3  | Received a gift from Trog
 53521 | Crypt:3  | Acquired the +0 pair of boots of the Distant Future {rPois
                  | Regen+ rCorr Str+2}
 54332 | Crypt:3  | Reached skill level 15 in Shields
 54734 | Crypt:3  | Reached skill level 15 in Dodging
 55195 | Crypt:3  | Found the +5 scythe "Finisher" {speed, eviscerate}
 55197 | Crypt:3  | Received a gift from Trog
 55570 | Crypt:3  | Got a steaming granite ring
 55575 | Crypt:3  | Identified a ring of the Smoking Genius {rPois MP+9 Int+4}
                  | (You found it on level 3 of the Crypt)
 55869 | Depths:1 | Entered Level 1 of the Depths
 56203 | Depths:1 | Reached XP level 22. HP: 193/194 MP: 19/21
 56494 | Depths:1 | Found Ywnipt's Weapon Emporium.
 56499 | Depths:1 | Found Qiron's Distillery.
 56565 | Depths:1 | Bought a potion of might for 56 gold pieces
 56565 | Depths:1 | Bought a potion of might for 56 gold pieces
 56565 | Depths:1 | Bought a potion of haste for 140 gold pieces
 56565 | Depths:1 | Bought a potion of invisibility for 112 gold pieces
 56569 | Depths:1 | Found a gateway to Hell.
 56720 | Depths:1 | Found Damij's Antique Armour Boutique.
 56905 | Depths:1 | Found Faipiam's Antique Armour Emporium.
 56913 | Depths:1 | Bought a pair of glimmering gloves for 351 gold pieces
 56930 | Depths:1 | Identified the cursed +0 pair of gloves of Merich {Str+2}
                  | (You bought it in a shop on level 1 of the Depths)
 57352 | Depths:1 | Found a one-way gate leading to the halls of Pandemonium.
 57678 | Depths:2 | Noticed Sojobo
 57710 | Depths:2 | Killed Sojobo
 57757 | Depths:2 | Received a gift from Trog
 58905 | Depths:2 | Received a gift from Trog
 59202 | Depths:2 | Noticed a caustic shrike
 59216 | Depths:2 | Killed a caustic shrike
 59500 | Depths:2 | Noticed a caustic shrike
 59506 | Depths:2 | Killed a caustic shrike
 59689 | Depths:3 | Reached XP level 23. HP: 216/216 MP: 6/22
 60030 | Depths:3 | Noticed Asterion
 60041 | Depths:3 | Killed Asterion
 60098 | Depths:3 | Upgraded the game from 0.27-a0-75-g9f9dfd1 to
                  | 0.27-a0-93-g19769c2
 60234 | Depths:3 | Acquired the +4 pair of gloves "Zibol" {rN+ Will+ Dex+5}
 60794 | Depths:3 | Received a gift from Trog
 60897 | Depths:3 | Found a gateway to a ziggurat.
 61577 | Depths:4 | Noticed a caustic shrike
 61581 | Depths:4 | Reached skill level 22 in Fighting
 61600 | Depths:4 | Gained mutation: Scrolls take you a little longer to read.
                  | [mutagenic glow]
 62030 | Depths:4 | Killed a caustic shrike
 62048 | Depths:4 | Noticed an ancient lich
 62077 | Depths:4 | Killed an ancient lich
 62195 | Depths:4 | Reached skill level 23 in Fighting
 62284 | Depths:4 | Noticed an ancient lich
 62291 | Depths:4 | Killed an ancient lich
 62600 | Depths:4 | Reached XP level 24. HP: 229/235 MP: 7/22
 63034 | Depths:4 | Got a masterwork plate armour
 63045 | Depths:4 | Identified the cursed +1 plate armour "Heggeukk" {rElec
                  | Str+7 Dex-5} (You found it on level 4 of the Depths)
 63369 | Depths:5 | Entered Level 5 of the Depths
 63380 | Depths:5 | Lost mutation: Scrolls take you a little longer to read.
                  | [potion of mutation]
 63380 | Depths:5 | Gained mutation: Potions are less effective at restoring
                  | your health. [potion of mutation]
 63380 | Depths:5 | Gained mutation: You are partially covered in thin metallic
                  | scales. (AC +2) [potion of mutation]
 63419 | Depths:5 | Found a flickering gateway to a bazaar.
 63428 | Bazaar   | Entered a bazaar
 63428 | Bazaar   | Found Raopnoorr's Antique Armour Shoppe.
 63428 | Bazaar   | Found Myujug's Distillery.
 63429 | Bazaar   | Found Dileips's Assorted Antiques.
 63429 | Bazaar   | Found Uricyr's Assorted Antiques.
 63454 | Bazaar   | Bought a scroll labelled DIGOLYAMOI for 17 gold pieces
 63454 | Bazaar   | Bought a scroll of identify for 34 gold pieces
 63741 | Depths:5 | Noticed a juggernaut
 63750 | Depths:5 | Killed a juggernaut
 63876 | Depths:5 | Upgraded the game from 0.27-a0-93-g19769c2 to
                  | 0.27-a0-95-g5a9077b
 63940 | Depths:5 | Noticed a juggernaut
 63950 | Depths:5 | Killed a juggernaut
 63989 | Depths:5 | Lost mutation: You are partially covered in thin metallic
                  | scales. (AC +2) [potion of mutation]
 63989 | Depths:5 | Lost mutation: Potions are less effective at restoring your
                  | health. [potion of mutation]
 63989 | Depths:5 | Gained mutation: You passively map a small area around you.
                  | [potion of mutation]
 63989 | Depths:5 | Gained mutation: Your muscles are strong. (Str +2) [potion
                  | of mutation]
 63989 | Depths:5 | Gained mutation: You expend magic power (3 MP) to
                  | strengthen your wands. [potion of mutation]
 64018 | Depths:5 | Found a runed translucent gate.
 64021 | Depths:5 | Found a runed translucent gate.
 64033 | Depths:5 | Found a runed translucent gate.
 64523 | Depths:5 | Found a runed translucent door.
 64566 | Depths:5 | Found a runed translucent door.
 64570 | Depths:5 | Found a runed translucent door.
 64594 | Depths:5 | Found a runed translucent door.
 64598 | Depths:5 | Found a runed translucent door.
 64628 | Depths:5 | Found a runed translucent door.
 64848 | Depths:5 | Found a gate to the Realm of Zot.
 65770 | Depths:5 | Received a gift from Trog
 66190 | Vaults:5 | Entered Level 5 of the Vaults
 66220 | Vaults:5 | Reached XP level 25. HP: 156/243 MP: 13/22
 66495 | Vaults:5 | Received a gift from Trog
 66628 | Vaults:5 | Noticed an ancient lich
 66632 | Vaults:5 | Identified the ring "Jiomihun" {rF+ rC+++ Dex+5 Slay-4}
 66649 | Vaults:5 | Killed an ancient lich
 66653 | Vaults:5 | Identified the +8 scimitar "Riasaur" {freeze, Str+3 Dex+3}
 66924 | Vaults:5 | Identified the +7 tower shield of Weightlessness {Rampage
                  | rPois MP+9}
 66924 | Vaults:5 | Noticed Mennas
 66953 | Vaults:5 | Killed Mennas
 67224 | Vaults:5 | Found Hianose's Jewellery Shoppe.
 67284 | Vaults:5 | Received a gift from Trog
 67437 | Vaults:5 | Bought the amulet of Kuch {Acrobat rPois rN++} for 930 gold
                  | pieces
 67575 | Vaults:5 | Identified Domour's Volume of the Frigorific Arsonist
 67864 | Vaults:5 | Got a pair of jewelled gloves
 67875 | Vaults:5 | Identified the +1 pair of gloves of Yredelemnul's Anger
                  | {Dex+5} (You found it on level 5 of the Vaults)
 67896 | Vaults:5 | Got a silver rune of Zot
 68826 | Zot:1    | Entered Level 1 of the Realm of Zot
 68860 | Zot:1    | Noticed an orb of fire
 68861 | Zot:1    | Gained mutation: Your body sometimes deteriorates upon
                  | taking damage. [an orb of fire]
 68953 | Zot:1    | Gained mutation: Your body often deteriorates upon taking
                  | damage. [an orb of fire]
 68959 | Zot:1    | Killed an orb of fire
 68960 | Zot:1    | Reached XP level 26. HP: 251/251 MP: 22/22
 68965 | Zot:1    | Received a gift from Trog
 69327 | Zot:1    | You fall into a shaft and drop 1 floor!
 69537 | Zot:2    | Received a gift from Trog
 72263 | Zot:3    | Received a gift from Trog
 72465 | Zot:3    | Reached XP level 27. HP: 258/258 MP: 22/22
 72852 | Zot:3    | Reached skill level 24 in Fighting
 73416 | Zot:3    | Received a gift from Trog
 73419 | Zot:3    | Noticed an orb of fire
 73422 | Zot:3    | Gained mutation: You are clumsy. (Dex -2) [an orb of fire]
 73429 | Zot:3    | Gained mutation: You are dopey. (Int -2) [an orb of fire]
 73432 | Zot:3    | Gained mutation: You occasionally shout uncontrollably at
                  | your foes. [an orb of fire]
 73437 | Zot:3    | Killed an orb of fire
 74028 | Zot:4    | Reached skill level 25 in Fighting
 74828 | Zot:5    | Entered Level 5 of the Realm of Zot
 74830 | Zot:5    | Lost mutation: Your muscles are strong. (Str +2) [potion of
                  | mutation]
 74830 | Zot:5    | Lost mutation: You are clumsy. (Dex -2) [potion of
                  | mutation]
 74830 | Zot:5    | Lost mutation: You are dopey. (Int -2) [potion of mutation]
 74830 | Zot:5    | Gained mutation: You are dopey. (Int -2) [potion of
                  | mutation]
 74830 | Zot:5    | Gained mutation: You are partially covered in icy blue
                  | scales. (AC +2) [potion of mutation]
 74831 | Zot:5    | Lost mutation: You are dopey. (Int -2) [potion of mutation]
 74831 | Zot:5    | Lost mutation: You expend magic power (3 MP) to strengthen
                  | your wands. [potion of mutation]
 74831 | Zot:5    | Gained mutation: Your muscles are strong. (Str +2) [potion
                  | of mutation]
 74831 | Zot:5    | Gained mutation: You are dopey. (Int -2) [potion of
                  | mutation]
 74831 | Zot:5    | Gained mutation: Your muscles are very strong. (Str +4)
                  | [potion of mutation]
 74865 | Zot:5    | Got a masterwork plate armour
 74888 | Zot:4    | Identified the +4 plate armour of the Armadillo {rCorr
                  | Str+6} (You found it on level 5 of the Realm of Zot)
 74942 | Zot:5    | Reached skill level 26 in Fighting
 75184 | Zot:5    | Identified the +4 dragonskin cloak
 75184 | Zot:5    | Noticed Tiamat
 75184 | Zot:5    | Gained mutation: You are clumsy. (Dex -2) [an orb of fire]
 75184 | Zot:5    | Noticed an orb of fire
 75184 | Zot:5    | Noticed an orb of fire
 75184 | Zot:5    | Noticed an ancient lich
 75184 | Zot:5    | Noticed an orb of fire
 75186 | Zot:5    | Gained mutation: Your magical capacity is low. (-10% MP)
                  | [an orb of fire]
 75189 | Zot:5    | Gained mutation: Your magical capacity is very low. (-20%
                  | MP) [an orb of fire]
 75193 | Zot:5    | Gained mutation: You are frail. (-10% HP) [an orb of fire]
 75194 | Zot:5    | Killed an orb of fire
 75194 | Zot:5    | Killed an orb of fire
 75195 | Zot:5    | Gained mutation: Your magical capacity is extremely low.
                  | (-30% MP) [an orb of fire]
 75197 | Zot:5    | Killed an orb of fire
 75197 | Zot:5    | Received a gift from Trog
 75198 | Zot:5    | Reached skill level 27 in Fighting
 75200 | Zot:5    | Noticed an ancient lich
 75201 | Zot:5    | Killed an ancient lich
 75214 | Zot:5    | Killed an ancient lich
 75224 | Zot:5    | Noticed an orb of fire
 75232 | Zot:5    | Killed Tiamat
 75234 | Zot:5    | Noticed an orb of fire
 75235 | Zot:5    | Gained mutation: You are very clumsy. (Dex -4) [an orb of
                  | fire]
 75238 | Zot:5    | Lost mutation: You are dopey. (Int -2) [an orb of fire]
 75238 | Zot:5    | Gained mutation: You tend to lose your temper in combat.
                  | [an orb of fire]
 75239 | Zot:5    | Killed an orb of fire
 75254 | Zot:5    | Killed an orb of fire
 75258 | Zot:5    | Noticed an ancient lich
 75260 | Zot:5    | Noticed an ancient lich
 75272 | Zot:5    | Gained mutation: You are dopey. (Int -2) [mutagenic glow]
 75274 | Zot:5    | Killed an ancient lich
 75278 | Zot:5    | Killed an ancient lich
 75281 | Zot:5    | Gained mutation: Your spells are a little easier to cast,
                  | but a little less powerful. [mutagenic glow]
 75297 | Zot:5    | Received a gift from Trog
 75301 | Zot:5    | Gained mutation: You are very frail. (-20% HP) [mutagenic
                  | glow]
 75317 | Zot:5    | Gained mutation: You are extremely frail. (-30% HP)
                  | [mutagenic glow]
 75330 | Zot:5    | Gained mutation: Armour fits poorly on your strangely
                  | shaped body. [mutagenic glow]
 75335 | Zot:5    | Killed from afar by a yellow draconian knight

Illustrated notes

Levels and vault maps discovered:
D:1:      dpeg_arrival_tiny_a, layout_rooms
D:2:      layout_basic, lemuel_coloured_pillars_altar, uniq_terence
D:3:      layout_basic, chequers_ecumenical_altar_lobes
D:4:      layout_loops_ring, kennysheep_generic_room_7
D:5:      layout_gridville, lemuel_crystal_altar
D:6:      layout_basic, bloody_trog, general_overflow_altar,
          minmay_temple_entry_poolview, gammafunk_ghost_split
D:7:      layout_basic, grunt_temple_overflow_diamond, serial_curves,
          eino_curves_03, eino_curves_02, eino_curves_01, basic_altar,
          uniq_pikel, uniq_duvessa
D:8:      layout_gridville, tgw_fedhas, uniq_grum, uniq_psyche, uniq_maggie
D:9:      gammafunk_steamed_eel, layout_cave_pools, kennysheep_little_box,
          lemuel_round_altar, minmay_lair_entry_grove, serial_column_ruins,
          column_ruins_square_medium, column_ruins_circle_medium,
          column_ruins_columns_plus, column_ruins_open_large,
          column_ruins_columns_straight, column_ruins_open_medium,
          column_ruins_open_tiny, column_ruins_columns_dead_end
D:10:     layout_roguey
D:11:     gammafunk_wand_slinger, layout_long_grid, zombieorc1_lemuel
D:12:     layout_irregular_city, enter_bailey_6, uniq_azrael
D:13:     layout_cave_pools
D:14:     layout_irregular_city, david_vaults_4, grunt_ministairs_8,
          minmay_misc_feat_rows, elyvilon_altar_3, uniq_nessos
D:15:     hangedman_depths_entry_try_elsewhere_first, layout_basic,
          serial_shops, nicolae_shop_overgrown_old_shop,
          hangedman_decor_growths, drop_trap, uniq_jorgrun
Lair:1:   layout_hall_layers, gauntlet_entry_generic, infiniplex_staircase_pool,
          grunt_megastairs_3, uniq_fannar
Lair:2:   layout_roguey, uniq_erica
Lair:3:   layout_gridlike, minmay_shoals_entry_hut,
          minmay_snake_entry_six_corridors, gammafunk_ghost_abyssal_escape,
          chequers_serial_rivers_micro_a
Lair:4:   layout_cave_pods
Lair:5:   layout_regular_city, serial_rivers, chequers_serial_rivers_micro_d,
          chequers_serial_rivers_room_a, chequers_serial_rivers_micro_b,
          chequers_serial_rivers_room_a, chequers_serial_rivers_micro_c,
          gammafunk_ghost_grave, eino_house_with_fridge, grunt_megastairs_1,
          infiniplex_staircase_pool_2, serial_bayou_shore_b, uniq_snorg
Lair:6:   grunt_lair_end_beastmaster, layout_gridlike,
          minmay_slime_entry_jelly_boxes
Shoals:1: layout_shoals, uniq_frances
Shoals:2: layout_shoals, uniq_polyphemus
Shoals:3: layout_shoals
Shoals:4: shoals_end_grunt_ice, layout_shoals, shoals_ilsuiw_ice,
          portal_ice_cave_entry_ice_statue_one,
          amcnicky_altar_lugonu_corruption, uniq_mara, uniq_bai_suzhen
Snake:1:  gammafunk_sealed_arena, layout_misc_corridors, grunt_megastairs_2
Snake:2:  layout_grid_shapes, grunt_megastairs_4, uniq_vashnia
Snake:3:  layout_basic, lemuel_fruit_tree
Snake:4:  grunt_snake_rune_serpentine_throne, layout_onion
Orc:1:    layout_caves, gammafunk_ghost_wrathful_warriors
Orc:2:    st_orc_pillars, layout_diamond_mine
Vaults:1: nicolae_vaults_know_your_exits, nicolae_vaults_inception_corners,
          vaults_room_semicircle, ontoclasm_vaults_fault,
          ontoclasm_vaults_decontamination, v_misc_27, dpeg_vaults_monster_row,
          v_misc_11, v_misc_10, v_misc_15, nicolae_vaults_ring_of_whatevers,
          layout_vaults_omnibox, serial_shops, shop
Vaults:2: ontoclasm_vaults_loading_screen, nicolae_vaults_network_square,
          grunt_vaults_hallway_long, v_misc_26, v_pattern_3,
          minmay_crypt_entry_necro_gods, v_misc_19,
          nicolae_vaults_ninety_degrees, ontoclasm_vaults_pinch,
          grunt_vaults_focal, nicolae_vaults_network_barrier, v_misc_33,
          v_misc_23, nicolae_vaults_little_squares_2,
          nicolae_vaults_ring_of_whatevers, layout_vaults_maze_bifur,
          serial_shops, nicolae_shop_stone, uniq_donald
Vaults:3: hangedman_vaults_slice, hangedman_vaults_river_flow,
          nicolae_vaults_ring_of_whatevers, nicolae_vaults_little_squares_5,
          vaults_room_hallway, ontoclasm_vaults_shout, vaults_room_pools,
          layout_vaults_omnigrid, serial_shops, shop
Vaults:4: v_misc_27, ontoclasm_vaults_claustrophobia, v_rooms_1,
          nicolae_vaults_puzzle_piece, hangedman_vaults_capsules,
          vaults_standard_mumra_x, nicolae_vaults_border_crossing,
          vaults_dpeg_diagonal, layout_vaults_big_cross, serial_shops,
          nicolae_shop_crystal, shop_scrolls, shop_fountains, shop, shop,
          uniq_jory
Vaults:5: serial_shops, uniq_mennas
Crypt:1:  layout_chaotic_city, grunt_crypt_arrival_split, uniq_margery
Crypt:2:  layout_gridlike, minivault_11, palyth_stone_intersect,
          st_shrine_of_skulls
Crypt:3:  due_elkab, layout_chaotic_city, tomb_entry_simple_bobbens
Depths:1: layout_big_octagon, grunt_metal_band, rand_demon_pan_entry_1,
          serial_shops, nicolae_shop_crystal, shop, shop, shop_fountains,
          minmay_splitting_lines, abyss_entry, chequers_serial_rivers_room_a,
          hangedman_decor_riveting, minmay_misc_feat_encased,
          kennysheep_two_boxes
Depths:2: nzn_winding_woodlands_stair_cross
          [nzn_winding_woodlands_5x15_pathside_ponds,
          nzn_winding_woodlands_center_lodge, nzn_winding_woodlands_5x15_parted,
          nzn_winding_woodlands_5x5_default,
          nzn_winding_woodlands_5x5_checkerboard,
          nzn_winding_woodlands_5x15_concentric,
          nzn_winding_woodlands_center_garden, nzn_winding_woodlands_5x15_pool],
          layout_basic, minmay_misc_feat_tower, hangedman_geh_valley,
          minmay_misc_feat_alley, minmay_misc_feat_nine_boxes,
          minmay_three_doors, uniq_sojobo
Depths:3: kennysheep_spiral_hall, layout_cave_shapes, enter_ziggurat_b,
          pan_entry, minmay_strange_pillars, hell_entry, serial_glass,
          glass_columns_b, glass_columns_a, glass_columns_c, glass_columns_b,
          minmay_staircase_bubble, uniq_asterion
Depths:4: hangedman_pleasuredromes, hell_entry, abyss_entry
Depths:5: evilmike_zot_entry_castle, layout_basic, abyss_entry,
          minmay_misc_feat_ornament, grunt_hell_entry_dis_grunt, serial_shops,
          bzr_entry_lakeside, drop_trap, pandoras_box_mu
Zot:1:    infiniplex_zot_generator, layout_basic
Zot:2:    layout_misc_corridors
Zot:3:    lemuel_firehouse, layout_concentric_octagons
Zot:4:    layout_onion_interference
Zot:5:    layout_misc_corridors, grunt_ministairs_13, st_stairs_4, uniq_tiamat

Skill      XL: |  1  2  3  4  5  6  7  8  9 10 11 12 13 14 15 16 17 18 19 20 21 22 23 24 25 26 27 |
---------------+----------------------------------------------------------------------------------+-----
Axes           | 4 5 6 8 9 11 14 16 18 20 21 | 21.5
Fighting       | 4 5 6 8 9 10 11 13 15 17 19 21 23 27 | 27.0
Armour         | 3 4 5 6 8 9 10 11 12 13 15 16 18 19 20 23 24 25 | 25.1
Dodging        | 3 4 5 9 12 14 15 16 17 21 | 21.5
Stealth        | 1 2 3 |  3.2
Evocations     | 1 3 6 10 13 15 16 17 18 19 | 19.0
Shields        | 1 4 9 12 16 19 20 21 25 | 25.2

Action                   |  1- 3 |  4- 6 |  7- 9 | 10-12 | 13-15 | 16-18 | 19-21 | 22-24 | 25-27 || total
-------------------------+-------+-------+-------+-------+-------+-------+-------+-------+-------++-------
Melee: Hand axe          |    66 |   143 |   164 |       |       |       |       |       |       ||   373
       Headbutt          |     9 |    23 |    57 |    86 |   238 |   298 |   529 |   450 |   464 ||  2154
       Battleaxe         |       |       |    86 |   434 |   701 |       |       |       |       ||  1221
       Executioner's axe |       |       |       |       |    36 |       |       |       |       ||    36
       Broad axe         |       |       |       |       |   183 |   980 |  1238 |   718 |  1182 ||  4301
       War axe           |       |       |       |       |       |       |   188 |   464 |    24 ||   676
Invok: Berserk           |     1 |     6 |     8 |    10 |    13 |    18 |    16 |    16 |     8 ||    96
       Trog's Hand       |     1 |     1 |     5 |     3 |    13 |    19 |    22 |    16 |    14 ||    94
       Brothers in Arms  |       |       |       |     2 |    11 |     9 |     8 |    12 |     5 ||    47
 Abil: Evoke Invisibilit |       |       |       |       |       |     3 |     7 |     7 |     3 ||    20
Evoke: Wand              |       |     2 |    14 |    16 |    20 |    20 |    22 |    37 |     9 ||   140
       Tin of tremorston |       |       |       |       |     1 |     1 |     1 |       |       ||     3
       Condenser vane    |       |       |       |       |       |       |       |     3 |     3 ||     6
       Phial of floods   |       |       |       |       |       |       |       |     1 |       ||     1
       Box of beasts     |       |       |       |       |       |       |       |       |     1 ||     1
  Use: Scroll            |       |     2 |    11 |    13 |    13 |    14 |    12 |    14 |     5 ||    84
       Potion            |       |       |       |       |     4 |     4 |       |     5 |    10 ||    23
 Stab: Petrified         |       |       |       |       |     2 |       |       |       |       ||     2
       Invisible         |       |       |       |       |       |     5 |    40 |    16 |    55 ||   116
       Petrifying        |       |       |       |       |       |     1 |       |       |       ||     1
       Distracted        |       |       |       |       |       |       |     4 |     2 |     1 ||     7
       Confused          |       |       |       |       |       |       |       |       |     3 ||     3
Armor: Scale mail        |    25 |    40 |     8 |       |       |       |       |       |       ||    73
       Chain mail        |       |       |   102 |    10 |     4 |       |       |       |       ||   116
       Plate armour      |       |       |       |   247 |   466 |   487 |   418 |   286 |   285 ||  2189
Dodge: Dodged            |    35 |    76 |    94 |   164 |   375 |   571 |   511 |   452 |   489 ||  2767
       Repelled          |       |       |       |       |       |       |       |     3 |    24 ||    27
Block: Buckler           |       |       |       |       |    40 |   290 |       |       |       ||   330
       Kite shield       |       |       |       |       |       |    66 |   805 |   806 |    88 ||  1765
       Tower shield      |       |       |       |       |       |       |       |       |  1125 ||  1125

Table legend: (Time is in decaauts)
 A = Elapsed time spent in this place.
 B = Non-inter-level travel time spent in this place.
 C = Inter-level travel time spent in this place.
 D = Time resting spent in this place.
 E = Time spent auto-exploring this place.
 F = Levels seen in this place.
 G = Mean time per level.
                   A        B        C        D        E       F      G
               +--------+--------+--------+--------+--------+-----+--------+
         Total |  75215 |  67846 |   7369 |  20149 |  27047 |  54 | 1392.9 |
       Dungeon |  18760 |  15891 |   2869 |   4174 |   7139 |  15 | 1250.7 |
          Lair |   7652 |   6689 |    963 |   1635 |   3348 |   6 | 1275.3 |
        Shoals |   6936 |   6528 |    408 |   2631 |   2020 |   4 | 1734.0 |
     Snake Pit |   7116 |   6464 |    652 |   2499 |   2118 |   4 | 1779.0 |
  Orcish Mines |   2238 |   2085 |    153 |    560 |    650 |   2 | 1119.0 |
        Vaults |   9811 |   8795 |   1016 |   2238 |   3920 |   5 | 1962.2 |
         Crypt |   5153 |   4945 |    208 |   1729 |   1695 |   3 | 1717.7 |
        Depths |  10088 |   9168 |    920 |   2603 |   3772 |   5 | 2017.6 |
           Zot |   5402 |   5226 |    176 |   1461 |   1971 |   5 | 1080.4 |
         Abyss |    420 |    420 |      0 |    124 |      0 |   1 |  420.0 |
        Bazaar |     54 |     54 |      0 |      0 |     20 |   1 |   54.0 |
        Bailey |    404 |    404 |      0 |    126 |    115 |   1 |  404.0 |
      Ice Cave |    541 |    541 |      0 |    138 |    169 |   1 |  541.0 |
      Gauntlet |    635 |    635 |      0 |    227 |    108 |   1 |  635.0 |
               +--------+--------+--------+--------+--------+-----+--------+

Top non-repeatable levels by time:
Depths:5: 2729 daAuts
     D:8: 2691 daAuts
Vaults:4: 2423 daAuts
 Crypt:3: 2286 daAuts
 Snake:4: 2281 daAuts
Shoals:2: 2200 daAuts
Depths:4: 2133 daAuts
Vaults:1: 2113 daAuts
Depths:2: 2095 daAuts
 Snake:3: 2094 daAuts
Shoals:4: 2023 daAuts
    D:14: 1998 daAuts
   Zot:3: 1995 daAuts
Vaults:2: 1877 daAuts
Vaults:5: 1863 daAuts
